 Dungeon Crawl Stone Soup version 0.28.0-47-ge53b351184 (webtiles) character file.

Game seed: 8633072224920291922

1345 Bruhh the Thaumaturge (level 8, -2/56 HPs)
             Began as a Djinni Cinder Acolyte on Apr 28, 2022.
             Was a High Priest of Ignis.
             Slain by an orc warrior
             ... wielding a +0 battleaxe
              (15 damage)
             ... on level 6 of the Dungeon.
             The game lasted 00:06:12 (8535 turns).

Bruhh the Thaumaturge (Djinni Cinder Acolyte)       Turns: 8535, Time: 00:06:12

Health: -2/56      AC:  9    Str: 13    XL:     8   Next: 94%
Gold:   270        EV: 11    Int: 19    God:    Ignis [*****.] SH:  0 Dex:  8

rFire   + + +      SeeInvis .   a - -1 falchion (flame)
rCold   x . .      Faith    .   (no shield)
rNeg    . . .      Spirit   .   b - +0 robe
rPois   ∞          Reflect  .   (no helmet)
rElec   .          Harm     .   (no cloak)
rCorr   .          Rampage  .   (no gloves)
Will    .....                   (boots unavailable)
Stlth   +.........              (no amulet)
HPRegen 0.18/turn               (no ring)
MPRegen 0.00/turn               (no ring)

@: fiery-armoured, flying
A: sickness immunity, fire resistance 2, cold vulnerability 1, float, innate
caster, HP casting, extra vitality 1
a: Renounce Religion, Fiery Armour, Foxfire Swarm, Rising Flame


You were on level 6 of the Dungeon.
You worshipped Ignis.
Ignis was extremely pleased with you.
You visited 1 branch of the dungeon, and saw 6 of its levels.

You collected 270 gold pieces.

Inventory:

Hand Weapons
 a - a -1 falchion of flaming (weapon)
Armour
 b - a +0 robe (worn)
Jewellery
 j - a ring of positive energy
Scrolls
 c - 5 scrolls of identify {unknown}
 d - a scroll of enchant weapon {unknown}
 f - 4 scrolls of magic mapping {unknown}
 g - 5 scrolls of teleportation {unknown}
 i - a scroll of amnesia {unknown}
 k - 2 scrolls of fear {unknown}
 l - 2 scrolls of fog {unknown}
 m - a scroll of immolation {unknown}
 n - a scroll of silence {unknown}
 s - a scroll of holy word {unknown}
 t - a scroll of noise {unknown}
Potions
 e - a potion of heal wounds {unknown}
 h - 3 potions of curing {unknown}
 o - a potion of cancellation {unknown}
 p - a potion of brilliance {unknown}
 q - a potion of haste {unknown}
 r - a potion of mutation {unknown}


   Skills:
 - Level 3.0 Fighting
 - Level 2.6 Long Blades
 + Level 8.3 Spellcasting


You had 16 spell levels left.
You knew the following spells:

 Your Spells              Type           Power      Damage    Failure   Level
a - Scorch                Fire           78%        2d9       1%          2
b - Shock                 Conj/Air       100%       1d9       1%          1
c - Poisonous Vapours     Pois/Air       78%        N/A       1%          2
d - Passwall              Tmut/Erth      32%        N/A       1%          2
Your spell library was empty.

Dungeon Overview and Level Annotations

Branches:
Dungeon (6/15)             Temple (0/1) D:4

Altars:
Gozag
Nemelex Xobeh
Trog
Xom
The Shining One

Shops:
D:2 ?


Innate Abilities, Weirdness & Mutations

You are immune to sickness and miasma.
You are immune to poison.
Your flesh is very heat resistant. (rF++)
You are vulnerable to cold. (rC-)
You float through the air rather than walking.
You learn spells naturally, not from books.
Your magical power is your life essence.
You have superior vitality. (+4 MHP)


Message History

Flames lash the orc.
The orc is moderately wounded.
The orc's fire resistance burns away.
An orc wizard comes into view. It is wielding a +0 dagger.
Flames lash the orc.
The orc is burned terribly!
You kill the orc!
An orc warrior comes into view. It is wielding a +0 battleaxe.
An orc comes into view. It is wielding a +0 club.
Flames lash the orc.
The orc is almost dead.
The orc's fire resistance burns away.
Flames lash the orc warrior.
The orc warrior is lightly wounded.
The orc warrior's fire resistance burns away.
The orc wizard gestures wildly while chanting.
The orc wizard flickers and vanishes!
Deactivating autopickup; reactivate with Ctrl-A.
Flames lash the orc warrior.
The orc warrior is burned terribly!
The orc warrior is moderately wounded.
The orc hits you with a +0 club.
Flames lash the orc.
The orc is burned terribly!
You kill the orc!
The orc warrior closely misses you.
Flames lash the orc warrior but do no damage.
Flames lash something.
You hear some strange, mumbled words.
A puff of flame appears from out of thin air!
The puff of flame hits you. You resist. The orc warrior barely misses you.
Flames lash something.
Reactivating autopickup.
You feel a bit more experienced.
The orc warrior hits you with a +0 battleaxe!
* * * LOW HITPOINT WARNING * * *
You are too injured to fight recklessly!
You are too injured to fight recklessly!
You are too injured to fight recklessly!
A protective cloak of flame settles atop you.
A black bear comes into view.
The orc warrior hits you with a +0 battleaxe!
You die...

.... ..... ... =.. ...
...#. ..# #..# .. ......
..##...# ...... #......
......###.... ..
...........# .# ..
...h.......# .###...
#).@†.## .......###
##)o...###....[.....
..$..........####.....
..............#.....<#.
#.........(...##........
##......................
#......................
#....................##
..#####..##.##.......


You could see an orc warrior (combustible) and a black bear.

Vanquished Creatures
  Sigmund (D:5)
  A sky beast (D:6)
  An ogre (D:5)
  2 centaurs (D:5)
  A phantom (D:5)
  A gnoll sergeant (D:5)
  2 scorpions
  A water moccasin zombie (D:5)
  2 hounds (D:5)
  An orc priest (D:6)
  3 jellies
  2 orc wizards
  A killer bee zombie (D:6)
  A hound skeleton (D:5)
  7 gnolls
  4 adders
  A worm (D:4)
  2 dart slugs (D:1)
  16 orcs
  9 ball pythons
  3 endoplasms
  A giant cockroach (D:4)
  3 goblins
  14 hobgoblins
  4 iguanas
  4 jackals
  6 kobolds
  4 quokkas
  4 bats
  A frilled lizard (D:3)
  A quokka skeleton (D:4)
  4 rats (D:1)
108 creatures vanquished.

Notes
Turn   | Place    | Note
-------+----------+-------------------------------------------
     0 | D:1      | Bruhh the Djinni Cinder Acolyte began the quest for the
                  | Orb.
     0 | D:1      | Reached XP level 1. HP: 20/20 MP: 0/0
   240 | D:1      | Reached XP level 2. HP: 24/25 MP: 0/0
   480 | D:1      | Reached skill level 3 in Spellcasting
   606 | D:1      | Found a faded altar of an unknown god.
   806 | D:1      | Reached XP level 3. HP: 28/30 MP: 0/0
   806 | D:1      | Learned a level 1 spell: Shock
  1633 | D:2      | Reached XP level 4. HP: 15/35 MP: 0/0
  1844 | D:2      | Found Pesaagh's Magic Scroll Boutique.
  2799 | D:3      | Reached skill level 4 in Spellcasting
  3351 | D:4      | Reached XP level 5. HP: 30/40 MP: 0/0
  3351 | D:4      | Learned a level 2 spell: Poisonous Vapours
  3821 | D:4      | Found a shimmering altar of Xom.
  3841 | D:4      | Reached XP level 6. HP: 11/46 MP: 0/0
  4199 | D:4      | Found a glowing golden altar of the Shining One.
  4312 | D:4      | Reached skill level 5 in Spellcasting
  4538 | D:4      | Noticed an ogre
  4887 | D:4      | Found a staircase to the Ecumenical Temple.
  5398 | D:5      | Entered Level 5 of the Dungeon
  5590 | D:5      | Noticed Sigmund
  5593 | D:5      | Killed Sigmund
  5594 | D:5      | Reached skill level 6 in Spellcasting
  5594 | D:5      | Reached XP level 7. HP: 25/50 MP: 0/0
  5594 | D:5      | Learned a level 2 spell: Passwall
  6398 | D:5      | Reached XP level 8. HP: 49/56 MP: 0/0
  7139 | D:5      | Reached skill level 7 in Spellcasting
  8060 | D:5      | Found a sparkling altar of Nemelex Xobeh.
  8310 | D:6      | Reached skill level 8 in Spellcasting
  8399 | D:6      | Found a bloodstained altar of Trog.
  8400 | D:6      | Found an opulent altar of Gozag.
  8535 | D:6      | Slain by an orc warrior

Illustrated notes

Levels and vault maps discovered:
D:1:      mushboom_english_gardens, layout_basic,
          shapermc_ecumenical_altar_acropolis
D:2:      layout_loops_ring, serial_shops, shop
D:3:      layout_basic, grunt_ministairs_9
D:4:      layout_loops_ring, nicolae_tso_swordbearing_angel, dk_xom_monty_hall,
          lemuel_temple_firewalk_b, kennysheep_opposing_triangles
D:5:      layout_loops_ring, nemelex_dance_club_becter, uniq_sigmund
D:6:      layout_cave_pools, gammafunk_temple_overflow_forgotten, uniq_menkaure,
          uniq_blork_the_orc

Skill      XL: |  1  2  3  4  5  6  7  8 |
---------------+-------------------------+-----
Spellcasting   | 3 4 6 8 |  8.3
Fighting       | |  3.0
Long Blades    | |  2.6

Action                   |  1- 3 |  4- 6 |  7- 9 || total
-------------------------+-------+-------+-------++-------
Melee: Falchion          |    18 |     1 |     3 ||    22
 Cast: Scorch            |    24 |    89 |    77 ||   190
       Poisonous Vapours |       |       |     3 ||     3
Invok: Fiery Armour      |       |       |     1 ||     1
Armor: Robe              |     7 |     8 |     1 ||    16
Dodge: Dodged            |    15 |    31 |    20 ||    66
